 Dungeon Crawl Stone Soup version 0.31-a0-214-gb37851dbb3 (webtiles) character file.

Game seed: 13681721980458173618

161 qw the Shooter (level 5, -2/42 HPs)
             Began as a Minotaur Hexslinger on July 1, 2023.
             Slain by an orc
             ... wielding a +0 flail
              (5 damage)
             ... on level 3 of the Dungeon.
             The game lasted 00:00:42 (1705 turns).

qw the Shooter (Minotaur Hexslinger)                Turns: 1705, Time: 00:00:43

Health: -2/42      AC:  2    Str: 12    XL:     5   Next: 18%
Magic:  5/5        EV: 12    Int: 10    God:
Gold:   150        SH:  0    Dex: 15    Spells: 5/6 levels left

rFire   . . .        Y - +1 sling
rCold   . . .        (no shield)
rNeg    + . .        c - +0 robe
rPois   .            (helmet restricted)
rElec   .            (no cloak)
rCorr   .            (no gloves)
SInv    .            (no boots)
Will    .....        (no amulet)
Stlth   +            e - ring of positive energy
HPRegen 0.27/turn    (no ring)
MPRegen 0.09/turn

%: no passive effects
@: no status effects
A: horns 2, retaliatory headbutt
a: no special abilities


You were on level 3 of the Dungeon.
You visited 1 branch of the dungeon, and saw 3 of its levels.

You collected 150 gold pieces.


Innate Abilities, Weirdness & Mutations

You have a pair of horns on your head.
You reflexively headbutt those who attack you in melee.


   Skills:
 + Level 2.4 Fighting
 - Level 5.6 Ranged Weapons
 - Level 2.1 Dodging
 - Level 1.0 Spellcasting
 - Level 2.0 Hexes


You had 5 spell levels left.
You knew the following spells:

 Your Spells              Type           Power      Damage    Failure   Level
a - Slow                  Hex            16%        N/A       16%         1

Your spell library contained the following spells:

 Spells                   Type           Power      Damage    Failure   Level
 Inner Flame              Hex/Fire       2%         N/A       56%         3
 Portal Projectile        Hex/Tloc       4%         N/A       56%         3
 Cause Fear               Hex            2%         N/A       83%         4

Inventory:

Hand Weapons
 Y - a +1 sling (weapon)
Armour
 c - a +0 robe (worn)
 d - a +0 ring mail
 f - a +2 cloak
Jewellery
 e - a ring of positive energy (left hand)
Scrolls
 a - a scroll of identify
 b - a scroll of immolation {unknown}
Potions
 g - a potion of brilliance {unknown}
 h - a potion of invisibility {unknown}
 i - a potion of heal wounds {unknown}

Dungeon Overview and Level Annotations

Branches:
Dungeon (3/15)

Altars:

Shops:
D:2 =

Annotations:
D:3 3 runed translucent doors, qw's ghost, amateur DEHu; qw's ghost, amateur MiHs


Message History

The sling bullet completely misses the orc.
The ogre shouts!
You shoot a sling bullet.
The sling bullet closely misses the orc.
The sling bullet barely misses the orc.
You shoot a sling bullet. The sling bullet barely misses the orc.
You shoot a sling bullet.
The sling bullet hits the orc but does no damage.
The orc is lightly wounded.
The orc barely misses you.
You shoot a sling bullet.
The sling bullet barely misses the orc. x2
The orc completely misses you. You furiously retaliate!
You headbutt the orc. The orc misses you.
You shoot a sling bullet. The sling bullet hits the orc.
You kill the orc!
The orc barely misses you. x2; The orc misses you.
You furiously retaliate!
You headbutt the orc. You shoot a sling bullet.
The sling bullet closely misses the orc.
The orc hits you with a +0 dagger.
The ogre hits you with a +0 giant spiked club!
You shoot a sling bullet. The sling bullet barely misses the orc.
The orc hits you with a +0 short sword. The orc hits you with a +0 dagger.
You shoot a sling bullet.
The sling bullet closely misses the orc.
The ogre closely misses you. You furiously retaliate!
You headbutt the ogre. The orc hits you with a +0 dagger.
The orc hits you with a +0 flail! The orc barely misses you.
You shoot a sling bullet. The sling bullet barely misses the orc.
The orc hits you with a +0 dagger. The orc barely misses you.
The orc closely misses you. The ogre barely misses you.
You shoot a sling bullet. The sling bullet hits the orc.
You kill the orc!
The orc hits you with a +0 short sword. The orc closely misses you.
The ogre closely misses you.
You shoot a sling bullet. The sling bullet hits the ogre.
The ogre is heavily wounded.
The orc misses you. The orc hits you with a +0 mace.
The orc hits you with a +0 flail.
You die...

~~~~~....~~~~~~~
~~~~~....~~~~~~~
................
#####''''#######
#....# #....#
#....# #....#
#..o@#
+..oOoo.....
+....'......
#8..8#......
############


You could see an ogre and 4 orcs.

Vanquished Creatures
  A scorpion (D:3)
  3 adders (D:2)
  A dart slug (D:1)
  6 orcs (D:3)
  9 ball pythons
  4 endoplasms
  A giant cockroach (D:2)
  9 goblins
  7 hobgoblins
  7 jackals
  2 quokkas
  2 bats (D:2)
  5 frilled lizards
  2 kobolds
  2 rats
61 creatures vanquished.

Notes
Turn   | Place    | Note
-------+----------+-------------------------------------------
     0 | D:1      | qw the Minotaur Hexslinger began the quest for the Orb.
     0 | D:1      | Reached XP level 1. HP: 16/16 MP: 1/1
     0 | D:1      | 0 ||| qw: Version: 0.3-a-32-g5962c71
     0 | D:1      | 0 ||| qw: Game counter: 7379
     0 | D:1      | 0 ||| qw: Melee chars always use a shield: true
     0 | D:1      | 0 ||| qw: God list: Okawaru
     0 | D:1      | 0 ||| qw: Allow faded altars: false
     0 | D:1      | 0 ||| qw: Do Orc after clearing Dungeon:15 true
     0 | D:1      | 0 ||| qw: Do second Lair branch before Depths: true
     0 | D:1      | 0 ||| qw: Lair rune preference: random
     0 | D:1      | 0 ||| qw: Goals: Normal
     0 | D:1      | 0 ||| PLANNING D:1-11
    90 | D:1      | Reached skill level 3 in Ranged Weapons
    90 | D:1      | 90 ||| FLEEEEING.
    96 | D:1      | Reached XP level 2. HP: 20/23 MP: 2/2
   506 | D:1      | 506 ||| FLEEEEING.
   584 | D:1      | 584 ||| UPGRADING to ring of positive energy.
   585 | D:1      | 585 ||| READING 2 scrolls labelled YGIENO DUGOETZ.
   586 | D:1      | 586 ||| DROPPING scroll of poison.
   681 | D:2      | Reached XP level 3. HP: 16/29 MP: 3/3
   908 | D:2      | Found Jaxet's Jewellery Boutique.
   910 | D:2      | Identified the +9 mace "Plog" {chaos, *Rage Will+++ rCorr
                  | MP+9}
   916 | D:2      | 916 ||| SHOPLISTING +5 ring of evasion (504 gold, have
                  | 122).
   916 | D:2      | 916 ||| SHOPLISTING amulet of the acrobat (420 gold, have
                  | 122).
   916 | D:2      | 916 ||| SHOPLISTING ring of protection from cold (350 gold,
                  | have 122).
   916 | D:2      | 916 ||| SHOPLISTING ring of protection from fire (350 gold,
                  | have 122).
   933 | D:2      | Reached skill level 4 in Ranged Weapons
  1115 | D:2      | Reached XP level 4. HP: 36/36 MP: 4/4
  1303 | D:2      | 1303 ||| READING 2 scrolls of identify.
  1303 | D:2      | 1303 ||| IDENTIFYING fuming pink potion
  1304 | D:2      | 1304 ||| DROPPING potion of magic.
  1425 | D:3      | Found a runed translucent gate.
  1425 | D:3      | Found a runed translucent gate.
  1425 | D:3      | Found a runed translucent gate.
  1426 | D:3      | Noticed qw's ghost (amateur DEHu)
  1428 | D:3      | Noticed qw's ghost (amateur MiHs)
  1454 | D:3      | Noticed a scorpion
  1464 | D:3      | Killed a scorpion
  1465 | D:3      | Reached skill level 5 in Ranged Weapons
  1465 | D:3      | Reached XP level 5. HP: 31/41 MP: 5/5
  1692 | D:3      | Noticed an ogre
  1702 | D:3      | HP: 9/42 [orc/+0 flail (8)]
  1705 | D:3      | HP: 3/42 [orc/+0 mace (2)]
  1705 | D:3      | Slain by an orc

Levels and vault maps discovered:
D:1:      dpeg_arrival_solitude, layout_basic, serial_forest,
          infiniplex_forest_clump_long, infiniplex_forest_lined_corner,
          infiniplex_forest_corner_1, infiniplex_forest_end_2,
          infiniplex_forest_clump_small, infiniplex_forest_lined_2
D:2:      layout_basic, serial_shops, shop_statue, serial_corexii_hall,
          corexii_hall_statues_x, corexii_hall_statues_u,
          chequers_hall_statues_y, minivault_4
D:3:      lemuel_castle_with_subvaults [lemuel_castle_interior_carwin_2],
          layout_basic, gammafunk_ghost_cemetery

Skill      XL: |  1  2  3  4 |
---------------+-------------+-----
Ranged Weapons | 3 4 5 |  5.6
Fighting       | 2 |  2.4
Dodging        | |  2.1
Spellcasting   | |  1.0
Hexes          | |  2.0

Action                     |  1- 3 |  4- 6 || total
---------------------------+-------+-------++-------
   Fire: Sling             |   103 |    68 ||   171
    Use: Scroll            |     1 |     1 ||     2
 Armour: Robe              |     7 |     6 ||    13
  Dodge: Dodged            |    28 |    37 ||    65

Table legend:
 A = Non-vault XP
 B = Vault XP
 C = Vault XP percentage of total XP
 D = Non-vault monster count
 E = Vault monster count
 F = Vault count percentage of total count
                 A         B        C        D         E       F
            +---------+---------+-------+---------+---------+-------
      Total |     210 |      20 |   8.7 |      53 |       8 |  13.1
            +---------+---------+-------+---------+---------+-------
        D:1 |      35 |       0 |   0.0 |      21 |       0 |   0.0
        D:2 |      62 |       0 |   0.0 |      17 |       0 |   0.0
        D:3 |     113 |      20 |  15.0 |      15 |       8 |  34.8
            +---------+---------+-------+---------+---------+-------
